 Dungeon Crawl Stone Soup version 0.25-a0-185-g6cfeca75b2 (webtiles) character file.

Game seed: 1714304796161102600, levelgen mode: deterministic

205 sankara the Ruffian (level 5, 0/40 HPs)
             Began as a Minotaur Transmuter on Nov 28, 2019.
             Slain by a goblin
             ... wielding a +0 trident
             ... led by Robin
              (7 damage)
             ... on level 3 of the Dungeon.
             The game lasted 00:07:17 (1993 turns).

sankara the Ruffian (Minotaur Transmuter)           Turns: 1993, Time: 00:07:18

Health: 0/40       AC:  5    Str: 15    XL:     5   Next: 53%
Magic:  4/6        EV: 11    Int: 10    God:
Gold:   73         SH:  0    Dex: 11    Spells: 3/6 levels left

rFire    . . .     SeeInvis .   k - +0 dagger (venom)
rCold    . . .     Gourm    .   (no shield)
rNeg     . . .     Faith    .   o - +0 ring mail
rPois    .         Spirit   .   (helmet restricted)
rElec    .         Reflect  .   (no cloak)
rCorr    .         Harm     .   (no gloves)
MR       .....                  (no boots)
Stlth    +.........             (no amulet)
HPRegen  0.13/turn              (no ring)
MPRegen  0.10/turn              (no ring)

@: no status effects
A: retaliatory headbutt, horns 2
a: no special abilities


You were on level 3 of the Dungeon.
You were not hungry.

You visited 1 branch of the dungeon, and saw 3 of its levels.

You collected 73 gold pieces.

Inventory:

Hand Weapons
 e - a +0 dagger
   (You took it off a goblin on level 1 of the Dungeon)
 k - a +0 dagger of venom (weapon)
   (You took it off a goblin on level 1 of the Dungeon)
 r - a +0 hunting sling
   (You took it off a goblin on level 2 of the Dungeon)
Missiles
 a - 11 arrows
 c - 24 poisoned darts (quivered)
 i - 37 stones
 p - 25 sling bullets
Armour
 b - a +0 robe
 f - a +0 chain mail
   (You found it on level 2 of the Dungeon)
 o - a +0 ring mail (worn)
   (You found it on level 2 of the Dungeon)
Wands
 s - a wand of clouds (4)
   (You found it on level 3 of the Dungeon)
Scrolls
 l - a scroll of remove curse
 m - 2 scrolls of identify
 n - a scroll of fog {unknown}
Potions
 g - a potion of curing
 j - a potion of experience {unknown}
 q - 4 potions of might {unknown}
 t - a potion of agility {unknown}
Comestibles
 d - 5 rations
 h - 2 chunks of flesh {@w0}


   Skills:
 - Level 1.2 Fighting
 + Level 3.0 Armour
 - Level 2.1 Dodging
 + Level 5.2 Unarmed Combat
 - Level 1.3 Spellcasting
 - Level 3.0 Transmutations


You had 3 spell levels left.
You knew the following spells:

 Your Spells              Type           Power        Failure   Level  Hunger
a - Beastly Appendage     Tmut           #.....       19%         1    ##.....
b - Sticks to Snakes      Tmut           #.......     28%         2    ###....

Your spell library contained the following spells:

 Spells                   Type           Power        Failure   Level  Hunger
 Spider Form              Tmut/Pois      #.........   71%         3    ####...
 Ice Form                 Ice/Tmut       #.......     98%         4    #####..
 Blade Hands              Tmut           #.........   99%         5    ######.


Dungeon Overview and Level Annotations

Branches:
Dungeon (3/15)

Altars:
The Shining One

Annotations:
D:3 mortelune's ghost, weakling DsWn


Innate Abilities, Weirdness & Mutations

You reflexively headbutt those who attack you in melee.
You have a pair of horns on your head.


Message History

You kill the hobgoblin!
Robin roars a battlecry!
The hobgoblin goes into a battle-frenzy!
The goblin shoots a stone.
The stone hits you.
The goblin unwields a +0 hunting sling.
The goblin wields a +0 spear.
The goblin hits you but does no damage.
A goblin comes into view. It is wielding a +0 club. x2
You see here a +0 club.
The goblin shouts!
You hit the goblin.
The goblin is poisoned.
Your headbutt misses the goblin.
The goblin is severely wounded.
You hear a shout!
Robin says, "Duck!"
Robin roars a battlecry!
The goblin goes into a battle-frenzy!
The goblin hits you with a +0 spear.
You hit the goblin.
You kill the goblin!
Casting: Beastly Appendage (safe; 19% risk of failure)
Confirm with . or Enter, or press ? or * to list all spells.
You create a snake!
You now have 11 arrows.
The goblin hits you with a +0 club.
Casting: Sticks to Snakes (safe; 28% risk of failure)
Confirm with . or Enter, or press ? or * to list all spells.
You miscast Sticks to Snakes.
You are very lightly contaminated with residual magic.
Nothing appears to happen.
A goblin comes into view. It is wielding a -3 dagger.
The goblin hits you with a +0 club.
You hit the goblin but do no damage.
The goblin is poisoned.
Robin roars a battlecry!
The goblin goes into a battle-frenzy!
You hit the goblin but do no damage.
The goblin looks as sick as possible!
The goblin is moderately wounded.
You kill the goblin!
A goblin comes into view.
A goblin comes into view. It is wielding a +0 dagger.
The goblin closely misses you. You furiously retaliate!
You headbutt the goblin, but do no damage.
You closely miss the goblin. Your headbutt misses the goblin.
You barely miss the goblin. The goblin misses you.
You barely miss the goblin. You headbutt the goblin.
You kill the goblin!
The goblin no longer looks unusually strong.
Robin roars a battlecry!
The goblin goes into a battle-frenzy!
You barely miss the goblin. Your headbutt misses the goblin.
The goblin barely misses you. You furiously retaliate!
You headbutt the goblin!
You kill the goblin!
A goblin comes into view. It is wielding a +0 dagger.
You barely miss the goblin.
The hobgoblin no longer looks unusually strong.
Robin roars a battlecry!
The hobgoblin goes into a battle-frenzy!
The goblin closely misses you.
You hear a shout!
You miss the goblin. The goblin hits you but does no damage.
You barely miss the goblin. The goblin barely misses you.
You hit the goblin.
You kill the goblin!
The goblin no longer looks unusually strong.
Robin roars a battlecry!
The goblin goes into a battle-frenzy!
You hear a shout!
You hit the goblin.
The goblin is poisoned.
You headbutt the goblin.
You kill the goblin!
You hit Robin.
Robin is poisoned.
Robin is lightly wounded.
You hit Robin but do no damage. Your headbutt misses Robin.
Robin is lightly wounded.
Robin drinks a potion.
Robin is healed!
Robin looks more healthy.
You hit Robin.
Robin is poisoned.
Robin is moderately wounded.
Robin roars a battlecry!
You hit Robin but do no damage.
Robin looks as sick as possible!
Robin is moderately wounded.
You hit Robin.
Robin looks as sick as possible!
Your headbutt misses Robin.
Robin is heavily wounded.
Robin hits you with a +0 falchion.
You hit Robin but do no damage. Your headbutt misses Robin.
Robin is heavily wounded.
You barely miss Robin.
Robin is almost dead.
You kill Robin!
Your Armour skill increases to level 3!
You barely miss the goblin. The goblin barely misses you.
A goblin comes into view. It is wielding a +0 trident.
You closely miss the goblin. You headbutt the goblin.
You kill the goblin!
The goblin hits you from afar with a +0 trident!
Your magical contamination has completely faded away.
You hit the hobgoblin.
The hobgoblin is heavily wounded.
The goblin hits you from afar with a +0 trident!
* * * LOW HITPOINT WARNING * * *
The hobgoblin misses you.
You closely miss the hobgoblin.
The hobgoblin is heavily wounded.
The hobgoblin no longer looks unusually strong.
The goblin hits you from afar with a +0 trident!
You die...

..#########...
<.............#
.##.#.....>.#.#
...........##.#
###.#.#...###.##
............
###.##..###.# #
#.........#.####.##..#
#.#..........S@g.....#
###.###...#(######g##.##
.รท........#.# #
###.####..#.# #.# #.....
#.# #.##.# #.# #.##..
#.# #.##.. #.# ...


You could see a hobgoblin, a goblin and a friendly ball python.

Vanquished Creatures
  A scorpion (D:2)
  An orc wizard (D:3)
  A worker ant (D:2)
  Robin (D:3)
  An adder (D:3)
  An ooze (D:1)
  2 worms (D:2)
  A dart slug (D:1)
  A leopard gecko (D:1)
  2 orcs (D:3)
  4 giant cockroaches
  17 goblins
  11 hobgoblins
  3 jackals
  2 kobolds
  A quokka (D:2)
  2 ball pythons
  5 bats
  4 frilled lizards
  8 rats
69 creatures vanquished.

Vanquished Creatures (others)
  5 toadstools (D:1)
5 creatures vanquished.

Grand Total: 74 creatures vanquished

Notes
Turn   | Place    | Note
-------+----------+-------------------------------------------
     0 | D:1      | sankara the Minotaur Transmuter began the quest for the
                  | Orb.
     0 | D:1      | Reached XP level 1. HP: 16/16 MP: 1/1
   132 | D:1      | Reached skill level 2 in Transmutations
   132 | D:1      | Reached XP level 2. HP: 23/23 MP: 0/3
   180 | D:1      | Learned a level 2 spell: Sticks to Snakes
   379 | D:1      | Reached skill level 4 in Unarmed Combat
   401 | D:1      | Reached XP level 3. HP: 25/28 MP: 4/4
   728 | D:2      | Found a faded altar of an unknown god.
   973 | D:2      | Noticed a scorpion
   979 | D:2      | Killed a scorpion
   979 | D:2      | Reached skill level 1 in Armour
   979 | D:2      | Reached XP level 4. HP: 35/35 MP: 5/5
  1084 | D:2      | Reached skill level 2 in Armour
  1271 | D:2      | Found a glowing golden altar of the Shining One.
  1295 | D:2      | Reached skill level 3 in Transmutations
  1297 | D:2      | Reached XP level 5. HP: 34/40 MP: 6/6
  1615 | D:3      | Noticed mortelune's ghost (weakling DsWn)
  1743 | D:3      | Reached skill level 5 in Unarmed Combat
  1962 | D:3      | Noticed Robin
  1989 | D:3      | Killed Robin
  1989 | D:3      | Reached skill level 3 in Armour
  1992 | D:3      | HP: 7/40 [goblin/+0 trident[Robin] (7)]
  1993 | D:3      | Slain by a goblin

Levels and vault maps discovered:
D:1:      ldierk_walled_garden, layout_loops_cross, minmay_misc_feat_roman
D:2:      layout_basic, lemuel_crystal_altar, chequers_ecumenical_altar_twisty,
          first_ration
D:3:      layout_loops_ring, gammafunk_ghost_arena, amethyst_killhole,
          kennysheep_generic_room_8, uniq_jessica, uniq_robin

Skill      XL: |  1  2  3  4  5 |
---------------+----------------+-----
Transmutations | 2 3 |  3.0
Unarmed Combat | 4 5 |  5.2
Armour         | 1 2 3 |  3.0
Fighting       | |  1.2
Dodging        | |  2.1
Spellcasting   | |  1.3

Action                   |  1- 3 |  4- 6 || total
-------------------------+-------+-------++-------
Melee: Unarmed           |    25 |       ||    25
       Kick              |     7 |       ||     7
       Dagger            |    36 |    85 ||   121
       Headbutt          |     9 |    16 ||    25
       Punch             |     1 |       ||     1
Throw: Dart              |     7 |       ||     7
 Cast: Beastly Appendage |    10 |       ||    10
       Sticks to Snakes  |       |     1 ||     1
  Use: Scroll            |     2 |     1 ||     3
 Stab: Sleeping          |     3 |       ||     3
  Eat: Chunk             |     1 |     3 ||     4
Armor: Robe              |    12 |       ||    12
       Ring mail         |     3 |    24 ||    27
Dodge: Dodged            |    30 |    52 ||    82

Table legend:
 A = Non-vault XP
 B = Vault XP
 C = Vault XP percentage of total XP
 D = Non-vault monster count
 E = Vault monster count
 F = Vault count percentage of total count
                 A         B        C        D         E       F
            +---------+---------+-------+---------+---------+-------
      Total |     266 |      28 |   9.5 |      61 |       8 |  11.6
            +---------+---------+-------+---------+---------+-------
        D:1 |      54 |       0 |   0.0 |      28 |       0 |   0.0
        D:2 |     149 |       0 |   0.0 |      24 |       0 |   0.0
        D:3 |      63 |      28 |  30.8 |       9 |       8 |  47.1
            +---------+---------+-------+---------+---------+-------

Levels and vault maps discovered:
D:1:      ldierk_walled_garden, layout_loops_cross, minmay_misc_feat_roman
D:2:      layout_basic, lemuel_crystal_altar, chequers_ecumenical_altar_twisty,
          first_ration
D:3:      layout_loops_ring, gammafunk_ghost_arena, amethyst_killhole,
          kennysheep_generic_room_8, uniq_jessica, uniq_robin

Table legend:
 A = Turns spent in this place as a percentage of turns spent in the entire game.
 B = Non-inter-level travel turns spent in this place as a percentage of non-inter-level travel turns spent in the entire game.
 C = Inter-level travel turns spent in this place as a percentage of turns spent in this place.
 D = Turns resting spent in this place as a percentage of non-inter-level travel turns spent in this place.
 E = Turns spent auto-exploring this place as a percentage of non-inter-level travel turns spent in this place.
 F = Non-inter-level travel turns spent in this place divided by the number of levels of this place that you've seen.
                   A       B       C       D       E      F
               +-------+-------+-------+-------+-------+----------------------
         Total | 100.0 | 100.0 |   3.7 |  27.0 |  47.0 | 639.7
       Dungeon | 100.0 | 100.0 |   3.7 |  27.0 |  47.0 | 639.7
               +-------+-------+-------+-------+-------+----------------------

Table legend:
 A = Kills in this place as a percentage of kills in entire the game.
 B = Kills by you in this place as a percentage of kills by you in the entire game.
 C = Kills by friends in this place as a percentage of kills by friends in the entire game.
 D = Other kills in this place as a percentage of other kills in the entire game.
 E = Experience gained in this place as a percentage of experience gained in the entire game.
 F = Experience gained in this place divided by the number of levels of this place that you have seen.
                   A       B       C       D       E      F
               +-------+-------+-------+-------+-------+----------------------
         Total | 100.0 | 100.0 |   N/A |   N/A | 100.0 |  98.0
       Dungeon | 100.0 | 100.0 |   N/A |   N/A | 100.0 |  98.0
               +-------+-------+-------+-------+-------+----------------------
